 Dungeon Crawl Stone Soup version 0.29-a0-477-g62b78b4225 (webtiles) character file.

Game seed: 11985235287182895482

813 greasedhog the Cleaver (level 7, -6/57 HPs)
             Began as a Hill Orc Monk on May 24, 2022.
             Mangled by an ice beast (7 damage)
             ... on level 5 of the Dungeon.
             The game lasted 00:06:56 (6655 turns).

greasedhog the Cleaver (Hill Orc Monk)              Turns: 6655, Time: 00:06:59

Health: -6/57      AC:  8    Str: 16    XL:     7   Next: 93%
Magic:  7/7        EV:  7    Int: 10    God:
Gold:   261        SH:  4    Dex: 13    Spells: 6/6 levels left

rFire   . . .      SeeInvis .   a - +0 hand axe
rCold   . . .      Faith    .   z - +0 buckler
rNeg    + . .      Spirit   .   d - +0 chain mail
rPois   .          Reflect  .   (no helmet)
rElec   .          Harm     .   (no cloak)
rCorr   .          Rampage  .   (no gloves)
Will    .....                   (no boots)
Stlth   ..........              (no amulet)
HPRegen 0.19/turn               k - ring of positive energy
MPRegen 0.10/turn               (no ring)

@: no status effects
A: no striking features
a: no special abilities


You were on level 5 of the Dungeon.
You visited 2 branches of the dungeon, and saw 6 of its levels.

You collected 261 gold pieces.

Inventory:

Hand Weapons
 a - a +0 hand axe (weapon)
 o - a +1 flail of draining
Armour
 d - a +0 chain mail (worn)
 z - a +0 buckler (worn)
Jewellery
 k - a ring of positive energy (left hand)
 q - a ring of fire
 v - a ring of wizardry
 w - a +4 ring of evasion
 A - a ring of willpower
Wands
 y - a wand of flame (20)
Scrolls
 g - a scroll of fog
 h - a scroll of amnesia
 m - a scroll of fear
 n - a scroll of torment {unknown}
 p - a scroll of immolation {unknown}
 s - a scroll of enchant armour {unknown}
 u - a scroll of summoning {unknown}
 x - a scroll of teleportation {unknown}
 B - a scroll of vulnerability {unknown}
Potions
 b - 3 potions of attraction
 c - a potion of ambrosia
 e - a potion of curing {unknown}
 f - a potion of might {unknown}
 i - a potion of resistance {unknown}
 j - a potion of berserk rage {unknown}
 l - 2 potions of cancellation {unknown}
 r - 2 potions of lignification {unknown}
 t - 2 potions of heal wounds {unknown}


   Skills:
 - Level 3.6 Fighting
 * Level 11.2 Axes
 - Level 3.0 Dodging
 - Level 1.5 Stealth
 * Level 1.8 Shields
 * Level 0.2 Evocations


You had 6 spell levels left.
You didn't know any spells.
Your spell library contained the following spells:

 Spells                   Type           Power      Damage    Failure   Level
 Apportation              Tloc           0%         N/A       100%        1
 Scorch                   Fire           0%         2d5       100%        2
 Conjure Flame            Conj/Fire      0%         6-21      100%        3
 Ozocubu's Armour         Ice            0%         N/A       100%        3
 Stone Arrow              Conj/Erth      0%         3d7       100%        3
 Animate Armour           Summ/Erth      0%         N/A       100%        4
 Leda's Liquefaction      Hex/Erth       0%         N/A       100%        4
 Alistair's Intoxication  Tmut/Pois      0%         N/A       100%        5
 Metabolic Englaciation   Hex/Ice        0%         N/A       100%        5
 Simulacrum               Ice/Necr       0%         N/A       100%        6
 Starburst                Conj/Fire      0%         6d3       100%        6
 Lehudib's Crystal Spear  Conj/Erth      0%         10d2      100%        8


Dungeon Overview and Level Annotations

Branches:
Dungeon (5/15)             Temple (1/1) D:4

Altars:
Ashenzari
Cheibriados
Dithmenos
Elyvilon
Gozag
Hepliaklqana
Kikubaaqudgha
Makhleb
Nemelex Xobeh
Okawaru
Qazlal
Ru
Sif Muna
Trog
Uskayaw
Vehumet
Wu Jian
Xom
Yredelemnul
Zin
The Shining One


Message History

The jackal bites you but does no damage. x2
You block the jackal's attack.
You barely miss the jackal.
The jackal is severely wounded.
You hit the jackal. The jackal bites you.
The jackal bites you but does no damage.
You hit the jackal but do no damage.
The jackal is severely wounded.
You slash the jackal!
You kill the jackal!
The jackal bites you but does no damage.
You hit the jackal.
You kill the jackal!
No target in view!
No target in view!
You see here a quokka corpse.
An ice beast comes into view.
You hit the ice beast but do no damage. The ice beast hits you.
The ice beast freezes you!
You closely miss the ice beast. The ice beast hits you.
The ice beast freezes you!
* * * LOW HITPOINT WARNING * * *
You completely miss the ice beast. You block the ice beast's attack.
You hit the ice beast.
The ice beast is lightly wounded.
You block the ice beast's attack.
You completely miss the ice beast.
The ice beast is lightly wounded.
The ice beast attacks as you move away! The ice beast hits you.
* * * LOW HITPOINT WARNING * * *
The ice beast freezes you!
* * * LOW HITPOINT WARNING * * *
Aiming: Throw Flame
Press: ? - help, Shift-Dir - straight line, f - ice beast
Aim: an ice beast (68% to hit)
The puff of flame hits the ice beast but does no damage.
The ice beast hits you.
* * * LOW HITPOINT WARNING * * *
The ice beast freezes you!
You die...

....#.##.......#
...............
..............
............##
.............# ### ###
............## ..# ##..
......$......# ..#### #...
............####.....# ##...
..........Y@##.#....^###....
............†))......##...##
............†#.......##†)###
...........####............#
.......##### #...#...#.....
..#....# #..###.###.<..
#.....#######..(#...#..###
...........#..#...#...#.##
#......###.###.###..


You could see an ice beast.

Vanquished Creatures
  A black bear (D:4)
  A phantom (D:5)
  A scorpion (D:4)
  6 hounds
  A jelly (D:4)
  4 iguanas
  Terence (D:2)
  4 orc wizards
  7 adders
  2 worms
  5 dart slugs
  11 orcs
  5 bats
  7 endoplasms
  3 hobgoblins
  3 jackals (D:5)
  9 kobolds
  5 quokkas
  7 ball pythons
  11 goblins
  3 rats
97 creatures vanquished.

Vanquished Creatures (others)
  4 plants
4 creatures vanquished.

Grand Total: 101 creatures vanquished

Notes
Turn   | Place    | Note
-------+----------+-------------------------------------------
     0 | D:1      | greasedhog the Hill Orc Monk began the quest for the Orb.
     0 | D:1      | Reached XP level 1. HP: 19/19 MP: 1/1
   213 | D:1      | Reached XP level 2. HP: 14/26 MP: 2/2
  1175 | D:1      | Reached XP level 3. HP: 26/31 MP: 3/3
  1251 | D:1      | Reached skill level 5 in Axes
  1976 | D:2      | Noticed Terence
  1995 | D:2      | Reached skill level 6 in Axes
  1995 | D:2      | Reached XP level 4. HP: 34/39 MP: 4/4
  2008 | D:2      | Killed Terence
  2349 | D:2      | Reached XP level 5. HP: 27/45 MP: 5/5
  2516 | D:2      | Found a faded altar of an unknown god.
  3058 | D:3      | Reached skill level 7 in Axes
  3077 | D:3      | Identified the +2 leather armour of Ruagafot {Stlth+}
  4298 | D:4      | Noticed a black bear
  4394 | D:4      | Found a staircase to the Ecumenical Temple.
  4403 | D:4      | Got the Reference Book on the Flamy Rocks
  4410 | Temple   | Entered the Ecumenical Temple
  4748 | D:4      | Reached skill level 8 in Axes
  4748 | D:4      | Reached XP level 6. HP: 43/51 MP: 6/6
  5151 | D:4      | Reached skill level 9 in Axes
  5718 | D:4      | Reached XP level 7. HP: 52/57 MP: 7/7
  5985 | D:4      | Reached skill level 10 in Axes
  6014 | D:4      | Reached skill level 1 in Shields
  6238 | D:5      | Entered Level 5 of the Dungeon
  6486 | D:5      | Reached skill level 11 in Axes
  6655 | D:5      | HP: 1/57 [ice beast (2)]
  6655 | D:5      | Mangled by an ice beast

Illustrated notes

Levels and vault maps discovered:
D:1:      psy_arrival_basics, layout_basic, serial_forest,
          infiniplex_forest_lined_1, infiniplex_forest_end_double,
          infiniplex_forest_corner_2, infiniplex_forest_fountain,
          infiniplex_forest_pool, infiniplex_forest_lined_4_way,
          infiniplex_forest_clump_small, infiniplex_forest_lined_1
D:2:      layout_basic, hellmonk_ecumenical_altar_heavens_door, uniq_terence
D:3:      minmay_door_path, layout_basic
D:4:      layout_layer_cave, minmay_temple_entry_gardened_gates,
          serial_bayou_pond_d
D:5:      corexii_shantytown, layout_cave_pools, dk_vineyard_3,
          kennysheep_doodads, uniq_eustachio, uniq_ijyb, uniq_pikel
Temple:   nicolae_temple_the_god_donut

Skill      XL: |  1  2  3  4  5  6  7 |
---------------+----------------------+-----
Axes           | 6 8 9 11 | 11.2
Dodging        | 3 |  3.0
Shields        | 1 |  1.8
Fighting       | |  3.6
Stealth        | |  1.5
Evocations     | |  0.2

Action                   |  1- 3 |  4- 6 |  7- 9 || total
-------------------------+-------+-------+-------++-------
Melee: Hand axe          |   127 |   186 |   131 ||   444
       Punch             |     1 |     1 |       ||     2
Evoke: Wand              |       |       |     1 ||     1
  Use: Scroll            |       |     3 |     1 ||     4
 Stab: Sleeping          |     1 |       |       ||     1
Armor: Robe              |    14 |       |       ||    14
       Chain mail        |    47 |    87 |    66 ||   200
Dodge: Dodged            |    75 |    55 |    47 ||   177
Block: Buckler           |       |     4 |    30 ||    34

Table legend: (Time is in decaauts)
 A = Elapsed time spent in this place.
 B = Non-inter-level travel time spent in this place.
 C = Inter-level travel time spent in this place.
 D = Time resting spent in this place.
 E = Time spent auto-exploring this place.
 F = Levels seen in this place.
 G = Mean time per level.
                   A        B        C        D        E       F      G
               +--------+--------+--------+--------+--------+-----+--------+
         Total |   6627 |   6335 |    292 |    455 |   5015 |   6 | 1104.5 |
       Dungeon |   6369 |   6093 |    276 |    455 |   4789 |   5 | 1273.8 |
        Temple |    258 |    242 |     16 |      0 |    226 |   1 |  258.0 |
               +--------+--------+--------+--------+--------+-----+--------+

Top non-repeatable levels by time:
     D:1: 1743 daAuts
     D:4: 1726 daAuts
     D:3: 1250 daAuts
     D:2: 1250 daAuts
     D:5: 398 daAuts
  Temple: 258 daAuts
